 Dungeon Crawl Stone Soup version 0.30-a0-949-g53dc5368d7 (webtiles) character file.

Game seed: 12552440179460434649

1449 KingofMon the Ruffian (level 8, -2/79 HPs)
             Began as a Troll Berserker on Mar 3, 2023.
             Was a Believer of Trog.
             Slain by a killer bee (5 damage)
             ... on level 5 of the Dungeon on Mar 28, 2023.
             The game lasted 00:36:58 (4574 turns).

KingofMon the Ruffian (Troll Berserker)             Turns: 4574, Time: 00:36:59

Health: -2/79      AC:  5    Str: 28    XL:     8   Next: 47%
Magic:  7/7        EV: 10    Int:  3    God:    Trog [**....]
Gold:   338        SH:  0    Dex:  9    Spells: 7/7 levels left

rFire   . . .      SeeInvis .      - Unarmed
rCold   . . .      Faith    +    (no shield)
rNeg    + . .      Spirit   .    b - +0 animal skin
rPois   .          Reflect  .    (helmet restricted)
rElec   .          Rampage  .    k - +0 cloak
rCorr   .                        (gloves unavailable)
Will    ++...                    (boots unavailable)
Stlth   +                        u - amulet of faith
HPRegen 2.13/turn                N - ring of flight
MPRegen 0.10/turn                E - ring of positive energy

@: lethally poisoned (-2 -> -2), strong-willed, flying, regenerating
A: large, unfitting armour, claws 3, regeneration 1, shaggy fur 1, tough skin 1
a: Renounce Religion, Berserk, Trog's Hand


You were on level 5 of the Dungeon.
You worshipped Trog.
Trog was pleased with you.
You visited 2 branches of the dungeon, and saw 7 of its levels.

You collected 338 gold pieces.

Inventory:

Hand Weapons
 c - a +1 dagger of freezing
 h - a +1 long sword of holy wrath
 o - a +1 mace of protection
 O - a +2 dagger of flaming
 T - a +0 sling of flaming
Missiles
 e - 32 stones (quivered)
 f - 6 javelins
 Z - 5 datura-tipped darts
Armour
 b - a +0 animal skin (worn)
 j - a +0 pair of gloves
 k - a +0 cloak (worn)
 m - a +0 ring mail
 t - a scarf of harm
 x - a +0 ring mail
 G - a +0 pair of gloves
 H - an orb of energy
 M - a +0 leather armour
 V - a +0 chain mail
 X - a +0 robe
Magical Staves
 d - a staff of cold
 r - a staff of conjuration
Jewellery
 i - a ring of protection from fire
 l - a ring of flight
 u - an amulet of faith (around neck)
 E - a ring of positive energy (right claw)
 F - a ring of positive energy
 N - a ring of flight (left claw)
Wands
 W - a wand of mindburst (18)
Scrolls
 a - 3 scrolls of silence {unknown}
 n - a scroll of summoning {unknown}
 p - 5 scrolls of teleportation {unknown}
 q - 4 scrolls of identify {unknown}
 s - a scroll of noise {unknown}
 y - 2 scrolls of fog {unknown}
 B - a scroll of vulnerability {unknown}
 J - a scroll of immolation {unknown}
 K - a scroll of poison {unknown}
 L - a scroll of magic mapping {unknown}
 P - a scroll of amnesia {unknown}
 R - a scroll of fear {unknown}
Potions
 g - a potion of mutation {unknown}
 v - 3 potions of haste {unknown}
 w - 4 potions of curing {unknown}
 z - a potion of ambrosia {unknown}
 A - 3 potions of heal wounds {unknown}
 C - 2 potions of attraction {unknown}
 D - 2 potions of brilliance {unknown}
 I - a potion of might {unknown}
 Y - 2 potions of magic {unknown}


   Skills:
 + Level 4.5 Fighting
 + Level 3.2 Maces & Flails
 - Level 4.1 Polearms
 + Level 1.3 Throwing
 + Level 4.4 Dodging
 * Level 5.7 Unarmed Combat


You had 7 spell levels left.
You didn't know any spells.
Your spell library was empty.

Dungeon Overview and Level Annotations

Branches:
Dungeon (6/15)             Temple (1/1) D:5

Altars:
Ashenzari
Dithmenos
Elyvilon
Fedhas
Gozag
Hepliaklqana
Nemelex Xobeh
Okawaru
Qazlal
Ru
Xom
Yredelemnul
The Shining One


Innate Abilities, Weirdness & Mutations

You are too large for most types of armour.
You have claws for hands.
Your natural rate of healing is unusually fast.
You are covered in fur. (AC +1)
You have tough skin. (AC +1)


Message History

The killer bee stings you but does no damage.
You feel the effects of Trog's Hand fading.
You feel very sick. The killer bee stings you.
The killer bee attacks as you move away!
The killer bee barely misses you.
You feel very sick. The killer bee barely misses you.
You feel sick. The killer bee stings you.
* * * LOW HITPOINT WARNING * * *
You are more poisoned.
The killer bee poisons you!
You feel very sick. The killer bee misses you.
The killer bee attacks as you move away!
The killer bee stings you.
* * * LOW HITPOINT WARNING * * *
You feel very sick. The killer bee closely misses you.
The killer bee attacks as you move away!
The killer bee completely misses you.
Your skin stops crawling.
You feel less strong-willed.
You feel very sick.
The killer bee attacks as you move away!
The killer bee barely misses you.
You feel sick. The killer bee stings you.
* * * LOW HITPOINT WARNING * * *
There is a stone staircase leading up here.
You feel sick. The killer bee closely misses you.
The killer bee barely misses you.
You fly upwards.
You feel sick.
There is a stone staircase leading down here.
Okay, then.
Your skin crawls.
You feel strong-willed.
You feel sick. The killer bee closely misses you. The killer bee stings you.
* * * LOW HITPOINT WARNING * * *
You closely miss the killer bee.
The killer bee is moderately wounded.
You feel sick. The killer bee closely misses you. The killer bee stings you.
You die...

#...........##### #....#
########+#### #..### #.....#
#######..## ###.⌠.⌠.###
#.........# ##.'..>..+.#
#.#######.# #..#.⌠.⌠.#.# #.#
#.# #######.##.....#.# #.# #.#
...)....####'###y# #.# #.#
#######.# #.###@# #.# #.# # #.#
#.....# #.# #.# # #.# #####.#
#.#######.# # #.# #.#
#.........#
#######.########.########.#.###
...##................####..>#
##.##.#.########...........##
##.##.#.# ###.....#...#
......#.# #.###.#...##


You could see a killer bee.

Vanquished Creatures
  Grinder (D:5)
  Prince Ribbit (D:5)
  Eustachio (D:5)
  A sky beast (D:5)
  3 ice beasts
  A bullfrog (D:3)
  3 scorpions (D:5)
  A killer bee (D:6)
  2 hounds (D:5)
  A jelly (D:5)
  An orc priest (D:5)
  Ijyb (D:3)
  An orc wizard (D:5)
  An adder (D:4)
  A shadow imp (D:5)
  2 dart slugs
  3 orcs
  5 bats
  4 endoplasms
  4 giant cockroaches
  7 hobgoblins
  4 jackals
  4 kobolds (D:1)
  2 quokkas
  6 ball pythons
  7 goblins
  7 rats
75 creatures vanquished.

Notes
Turn   | Place    | Note
-------+----------+-------------------------------------------
     0 | D:1      | KingofMon the Troll Berserker began the quest for the Orb.
     0 | D:1      | Reached XP level 1. HP: 22/22 MP: 0/0
    16 | D:1      | Upgraded the game from 0.30-a0-847-g17996783a1 to
                  | 0.30-a0-939-gc8157cb160
    16 | D:1      | Upgraded the game from 0.30-a0-939-gc8157cb160 to
                  | 0.30-a0-948-g4fa250aae5
   196 | D:1      | Reached XP level 2. HP: 29/29 MP: 1/1
   865 | D:2      | Reached XP level 3. HP: 36/36 MP: 2/2
  1783 | D:2      | Found a faded altar of an unknown god.
  1995 | D:3      | Reached ** piety under Trog
  2103 | D:3      | Noticed a bullfrog
  2115 | D:3      | Killed a bullfrog
  2116 | D:3      | Reached skill level 1 in Unarmed Combat
  2116 | D:3      | Reached XP level 4. HP: 45/45 MP: 3/3
  2167 | D:3      | Found a sparkling altar of Nemelex Xobeh.
  2288 | D:3      | Noticed Ijyb
  2298 | D:3      | Killed Ijyb
  2299 | D:3      | Reached skill level 2 in Unarmed Combat
  2299 | D:3      | Reached XP level 5. HP: 53/53 MP: 4/4
  2637 | D:3      | Upgraded the game from 0.30-a0-948-g4fa250aae5 to
                  | 0.30-a0-949-g53dc5368d7
  2642 | D:4      | Found a white marble altar of Elyvilon.
  2990 | D:4      | Found an opulent altar of Gozag.
  3342 | D:5      | Entered Level 5 of the Dungeon
  3342 | D:5      | Noticed an ice beast
  3368 | D:5      | Killed an ice beast
  3369 | D:5      | Reached skill level 1 in Maces & Flails
  3369 | D:5      | Reached skill level 3 in Unarmed Combat
  3369 | D:5      | Reached XP level 6. HP: 35/61 MP: 5/5
  3433 | D:5      | Noticed Prince Ribbit
  3459 | D:5      | Killed Prince Ribbit
  3460 | D:5      | Reached XP level 7. HP: 54/68 MP: 6/6
  3488 | D:5      | Noticed Eustachio
  3531 | D:5      | Killed Eustachio
  3532 | D:5      | Reached skill level 4 in Unarmed Combat
  3646 | D:5      | Found an iron altar of Okawaru.
  3724 | D:5      | Noticed Grinder
  3736 | D:5      | Killed Grinder
  3737 | D:5      | Reached skill level 5 in Unarmed Combat
  3737 | D:5      | Reached XP level 8. HP: 78/78 MP: 7/7
  3802 | D:5      | Found a staircase to the Ecumenical Temple.
  3808 | Temple   | Entered the Ecumenical Temple
  4442 | D:5      | Reached skill level 1 in Throwing
  4571 | D:6      | HP: 3/79 [poisoned by a killer bee]
  4574 | D:5      | Slain by a killer bee

Illustrated notes

Levels and vault maps discovered:
D:1:      dpeg_arrival_erosion, layout_loops_ring,
          minmay_misc_feat_secret_circle, chequers_serial_rivers_room_b,
          minivault_24
D:2:      layout_loops_ring, hellmonk_ecumenical_altar_heavens_door,
          wad_floor_pattern_untrapped
D:3:      layout_basic, nemelex_dance_club_becter, uniq_ijyb
D:4:      layout_basic, general_overflow_altar, lemuel_crystal_altar
D:5:      layout_loops_ring, okawaru_gym_becter, minmay_temple_entry_hall,
          uniq_eustachio, uniq_prince_ribbit1, uniq_grinder
D:6:      layout_basic, amcnicky_mini_pool_medium
Temple:   nicolae_temple_bog_church

Skill      XL: |  1  2  3  4  5  6  7  8 |
---------------+-------------------------+-----
Fighting       | 3 4 |  4.5
Polearms       | 3 4 |  4.1
Dodging        | 3 4 |  4.4
Unarmed Combat | 1 2 3 5 |  5.7
Maces & Flails | 1 2 3 |  3.2
Throwing       | 1 |  1.3

Action                     |  1- 3 |  4- 6 |  7- 9 || total
---------------------------+-------+-------+-------++-------
  Melee: Spear             |    76 |       |       ||    76
         Punch             |     1 |     1 |     1 ||     3
         Unarmed           |    37 |    49 |   107 ||   193
 Invoke: Berserk           |     4 |     3 |     3 ||    10
         Trog's Hand       |       |       |     3 ||     3
   Stab: Sleeping          |     1 |       |       ||     1
 Armour: Animal skin       |    53 |    13 |    34 ||   100
  Dodge: Dodged            |    72 |    18 |    66 ||   156

Table legend: (Time is in decaauts)
 A = Elapsed time spent in this place.
 B = Non-inter-level travel time spent in this place.
 C = Inter-level travel time spent in this place.
 D = Time resting spent in this place.
 E = Time spent auto-exploring this place.
 F = Levels seen in this place.
 G = Mean time per level.
                   A        B        C        D        E       F      G
               +--------+--------+--------+--------+--------+-----+--------+
         Total |   4644 |   4591 |     53 |    605 |   2570 |   7 |  663.4 |
       Dungeon |   4470 |   4417 |     53 |    605 |   2440 |   6 |  745.0 |
        Temple |    173 |    173 |      0 |      0 |    130 |   1 |  173.0 |
               +--------+--------+--------+--------+--------+-----+--------+

Top non-repeatable levels by time:
     D:2: 1175 daAuts
     D:5: 992 daAuts
     D:1: 831 daAuts
     D:4: 703 daAuts
     D:3: 669 daAuts
  Temple: 173 daAuts
     D:6: 99 daAuts
